 Dungeon Crawl Stone Soup version 0.28-a0-751-gef3a642a4e (webtiles) character file.

Game seed: 8809865232504420470

132 flotson the Sneak (level 4, 0/37 HPs)
             Began as a Demonspawn Delver on Oct 30, 2021.
             Slain by Sigmund (7 damage)
             ... on level 2 of the Dungeon.
             The game lasted 00:04:01 (2117 turns).

flotson the Sneak (Demonspawn Delver)               Turns: 2117, Time: 00:04:02

Health: 0/37       AC:  5    Str: 13      XL:     4   Next: 92%
Magic:  4/4        EV: 15    Int: 11      God:
Gold:   38         SH:  0    Dex: 13 (15) Spells: 3/3 levels left

rFire   . . .      SeeInvis .   q - +3 dagger (elec)
rCold   . . .      Faith    .   (no shield)
rNeg    . . .      Spirit   .   m - +0 ring mail
rPois   .          Reflect  .   (no helmet)
rElec   .          Harm     .   (no cloak)
rCorr   +          Rampage  .   (no gloves)
Will    .....                   (no boots)
Stlth   ++........              (no amulet)
HPRegen 0.12/turn               r - ring of resist corrosion
MPRegen 0.09/turn               e - +4 ring of evasion

@: no status effects
A: claws 2, ignite blood 1
a: no special abilities


You were on level 2 of the Dungeon.
You visited 1 branch of the dungeon, and saw 5 of its levels.

You collected 38 gold pieces.

Inventory:

Hand Weapons
 a - a +0 hand axe
 f - a +0 spear
 q - a +3 dagger of electrocution (weapon)
Missiles
 j - 6 boomerangs (quivered)
Armour
 m - a +0 ring mail (worn)
Jewellery
 e - a +4 ring of evasion (right claw)
 i - a +6 ring of intelligence
 p - a ring of magical power
 r - a ring of resist corrosion (left claw)
Wands
 g - a wand of digging (3)
 l - a wand of paralysis (4)
Scrolls
 c - a scroll of fog
 d - 3 scrolls of identify {unknown}
 h - a scroll of amnesia {unknown}
 k - a scroll of enchant armour {unknown}
 n - a scroll of blinking {unknown}
Potions
 b - a potion of invisibility {unknown}
 o - a potion of curing {unknown}
 s - a potion of mutation {unknown}


   Skills:
 + Level 3.9 Fighting
 - Level 1.7 Axes
 + Level 1.1 Throwing
 + Level 2.0 Armour
 + Level 2.8 Dodging
 - Level 4.5 Stealth
 + Level 0.9 Evocations


You had 3 spell levels left.
You didn't know any spells.
Your spell library contained the following spells:

 Spells                   Type           Power      Damage    Failure   Level
 Beastly Appendage        Tmut           0%         N/A       58%         1
 Wereblood                Tmut           0%         N/A       75%         2
 Spider Form              Tmut/Pois      0%         N/A       92%         3


Dungeon Overview and Level Annotations

Branches:
Dungeon (5/15)
 Temple: D:4-7

Altars:
Hepliaklqana
Okawaru

Shops:
D:1 *

Annotations:
D:2 Sigmund
D:4 Eustachio


Innate Abilities, Weirdness & Mutations

You have very sharp fingernails.
Your demonic aura sometimes causes spilled blood to erupt in flames.


Message History

No target in view!
No target in view!
No target in view!
No target in view!
No target in view!
HP restored.
Found a stone staircase leading down.
There is a stone staircase leading down here.
s - a cyan potion A hobgoblin comes into view.
A hobgoblin is nearby!
The helpless hobgoblin fails to defend itself.
You puncture the hobgoblin!
You kill the hobgoblin!
No target in view!
No target in view!
No target in view!
No target in view!
No target in view!
You see here a hobgoblin corpse.
You see here a hobgoblin corpse.
You open the door.
Sigmund the Dreaded comes into view.
He is wielding a +0 scythe.
Sigmund gestures wildly while chanting.
Sigmund flickers and vanishes!
Deactivating autopickup; reactivate with Ctrl-A.
Found a club.
No target in view!
Something hits you!
You closely miss something. You hit something. Something hits you!
You miss something.
You hear some strange, mumbled words.
A magic dart appears from out of thin air!
The magic dart hits you!
You miss something. Something hits you!
* * * LOW HITPOINT WARNING * * *
You closely miss something. You miss something. Something hits you!
You die...

.#
#.#.......#.##########
.# #.###.#.#######.#
.### #.......# #.# ##
...# #####.### #+# #.
.#.# #.# ... #. .#.# #.#
.... #. .#.# ##.## .....
##.
.#.########...####......
###..
................@{).....
.....
...########...####......
#.. .### ##.## ..... ##.
.# ##.## .... ## .#
##...# ... # .# #....#
#+# # .# #....# #.# # .#
#.######### #.##########
.#
#.#.......###.#>........


There were no monsters in sight!

Vanquished Creatures
  A centaur zombie (D:5)
  A centaur skeleton (D:4)
  Jessica (D:2)
  A gnoll (D:5)
  A worm (D:2)
  2 dart slugs
  2 ball pythons (D:1)
  2 bats (D:2)
  3 giant cockroaches
  6 goblins
  3 hobgoblins
  A quokka (D:1)
  3 kobolds
  5 rats
  A spectral goblin (D:1)
33 creatures vanquished.

Notes
Turn   | Place    | Note
-------+----------+-------------------------------------------
     0 | D:5      | flotson the Demonspawn Delver began the quest for the Orb.
     0 | D:5      | Reached XP level 1. HP: 18/18 MP: 1/1
    35 | D:5      | Reached skill level 1 in Armour
    35 | D:5      | Gained mutation: You have sharp fingernails. [demonic
                  | ancestry]
    35 | D:5      | Reached XP level 2. HP: 7/24 MP: 2/2
    35 | D:5      | Gained mutation: Your demonic aura sometimes causes spilled
                  | blood to erupt in flames. [demonic ancestry]
    35 | D:5      | Reached XP level 3. HP: 9/29 MP: 3/3
   272 | D:4      | Noticed Eustachio
   450 | D:5      | Noticed an ice beast
   466 | D:5      | Noticed an ogre
   477 | D:5      | Found a hazy altar of Hepliaklqana.
   616 | D:4      | Gained mutation: You have very sharp fingernails. [demonic
                  | ancestry]
   616 | D:4      | Reached XP level 4. HP: 25/37 MP: 4/4
   953 | D:2      | Found an iron altar of Okawaru.
  1285 | D:1      | Found a faded altar of an unknown god.
  1690 | D:1      | Found Mais's General Store.
  1808 | D:2      | Noticed Jessica
  1814 | D:2      | Killed Jessica
  1815 | D:2      | Reached skill level 1 in Throwing
  2107 | D:2      | Noticed Sigmund
  2117 | D:2      | Slain by Sigmund

Illustrated notes

Levels and vault maps discovered:
D:1:      dpeg_arrival_long_road, layout_basic, serial_shops,
          nicolae_lakefront_shop, dreamdust_ecumenical_altar_drowned_temple
D:2:      layout_loops_corners, basic_altar, uniq_sigmund, uniq_jessica
D:3:      layout_basic
D:4:      layout_basic, mainiacjoe_overflow_six_doors_small, minmay_crossroads,
          uniq_eustachio
D:5:      layout_rooms, mainiacjoe_overflow_small_starburst,
          minmay_misc_feat_doors

Skill      XL: |  1  2  3  4 |
---------------+-------------+-----
Armour         | 1 2 |  2.0
Dodging        | 2 |  2.8
Throwing       | 1 |  1.1
Fighting       | |  3.9
Axes           | |  1.7
Stealth        | |  4.5
Evocations     | |  0.9

Action                   |  1- 3 |  4- 6 || total
-------------------------+-------+-------++-------
Melee: Hand axe          |    14 |       ||    14
       Spear             |    24 |    52 ||    76
       Dagger            |       |    16 ||    16
  Use: Potion            |     1 |       ||     1
       Scroll            |     2 |       ||     2
 Stab: Sleeping          |       |    13 ||    13
Armor: Leather armour    |    18 |     5 ||    23
       Ring mail         |       |    10 ||    10
Dodge: Dodged            |    30 |    23 ||    53

Table legend: (Time is in decaauts)
 A = Elapsed time spent in this place.
 B = Non-inter-level travel time spent in this place.
 C = Inter-level travel time spent in this place.
 D = Time resting spent in this place.
 E = Time spent auto-exploring this place.
 F = Levels seen in this place.
 G = Mean time per level.
                   A        B        C        D        E       F      G
               +--------+--------+--------+--------+--------+-----+--------+
         Total |   2108 |   2075 |     33 |    211 |   1382 |   5 |  421.6 |
       Dungeon |   2108 |   2075 |     33 |    211 |   1382 |   5 |  421.6 |
               +--------+--------+--------+--------+--------+-----+--------+

Top non-repeatable levels by time:
     D:1: 761 daAuts
     D:2: 623 daAuts
     D:4: 393 daAuts
     D:5: 233 daAuts
     D:3: 96 daAuts
